Map: Efflorescence LE

Players

Throwfordays - Winner!

  • Race: Protoss Protoss
  • League: Silver
  • Spawn Location: 6:00

Faust - Winner!

  • Race: Zerg Zerg
  • League: Diamond
  • Spawn Location: 9:00

ManicStorm

  • Race: Terran Terran
  • Spawn Location: 3:00

NovaKat

  • Race: Protoss Protoss
  • Spawn Location: 12:00

VOD

Have the link to the VOD?

Description

Time

  • Played on: Feb. 3, 2019, 12:14 a.m.
  • Length: 14:20
Show
View Real Time Build Order
Export as new Build Order

Throwfordays Protoss - Winner!

Build Orders:  

Get SALT Encoding   

  12  0:01  Probe  
  13  0:13  Probe  
  14  0:24  Pylon  
  14  0:25  Probe  
  15  0:38  Pylon  
  15  0:45  Gateway  
  15  0:46  Probe  
  16  0:58  Probe  
  16  1:02  Gateway  
  17  1:12  Assimilator  
  17  1:25  Probe  
  17  1:31  Cybernetics Core  
  18  1:37  Probe  
  18  1:39  Cybernetics Core  
  19  1:50  Probe  
  20  1:59  Nexus  
  20  2:05  Warp Gate  
  20  2:07  Assimilator  
  20  2:09  Probe  
  21  2:21  Probe  
  22  2:23  Adept x2  
  22  2:33  Probe  
  27  2:55  Probe  
  28  3:07  Probe  
  29  3:17  Nexus  
  29  3:19  Probe  
  30  3:22  Pylon  
  30  3:23  Probe  
  31  3:27  Probe  
  31  3:31  Probe  
  32  3:35  Probe  
  32  3:39  Probe  
  34  3:46  Probe  
  36  3:51  Probe  
  37  3:58  Probe  
  38  4:03  Probe  
  38  4:05  Gateway  
  38  4:07  Gateway  
  39  4:10  Probe  
  39  4:13  Gateway  
  39  4:15  Probe  
  41  4:21  Gateway  
  41  4:22  Probe  
  42  4:32  Stalker  
  42  4:33  Assimilator  
  42  4:34  Stalker, Probe  
  42  4:37  Probe  
  42  4:38  Assimilator  
  48  4:42  Probe  
  48  4:46  Probe  
  48  4:49  Probe  
  48  4:50  Probe  
  51  4:58  Probe  
  53  5:00  Probe  
  53  5:01  Probe  
  55  5:10  Probe  
  55  5:12  Probe  
  55  5:13  Probe  
  58  5:20  Stalker x2  
  58  5:21  Pylon  
  62  5:23  Probe  
  62  5:24  Probe  
  62  5:25  Probe  
  65  5:35  Pylon, Probe  
  66  5:36  Probe  
  66  5:40  Stalker x3  
  66  5:41  Stalker  
  75  5:47  Probe  
  75  5:48  Probe  
  77  5:56  Pylon  
  77  5:59  Probe  
  77  6:03  Probe  
  79  6:08  Nexus  
  79  6:10  Stalker x3  
  82  6:11  Stalker  
  82  6:15  Probe  
  75  6:23  Stalker  
  75  6:24  Stalker  
  71  6:28  Probe  
  59  6:40  Probe  
  59  6:45  Probe  
  61  6:48  Probe  
  62  6:57  Probe  
  62  7:00  Probe  
  64  7:02  Assimilator  
  64  7:06  Assimilator x2  
  64  7:10  Assimilator, Pylon, Probe  
  64  7:12  Probe  
  66  7:22  Probe  
  67  7:24  Probe  
  67  7:27  Pylon  
  68  7:32  Probe  
  68  7:34  Probe x2  
  68  7:36  Probe  
  72  7:40  Pylon  
  72  7:44  Probe  
  72  7:46  Robotics Facility, Probe  
  72  7:47  Robotics Facility, Probe  
  72  7:49  Robotics Facility  
  75  7:51  Robotics Facility  
  75  7:53  Gateway  
  75  7:56  Probe  
  75  7:58  Probe  
  77  7:59  Probe  
  78  8:10  Probe  
  78  8:11  Probe  
  80  8:19  Probe x2  
  81  8:22  Probe x2  
  84  8:28  Stalker x4, Probe  
  84  8:29  Stalker x2  
  84  8:31  Probe  
  99  8:34  Probe  
  99  8:35  Immortal  
  99  8:36  Immortal x2  
  99  8:37  Probe  
  116  8:41  Immortal  
  116  8:43  Probe  
  116  8:46  Probe  
  118  8:49  Probe  
  119  9:01  Probe x2  
  121  9:07  Forge x2  
  121  9:10  Twilight Council  
  121  9:13  Probe x2  
  121  9:15  Immortal  
  127  9:17  Robotics Bay  
  127  9:19  Immortal  
  127  9:24  Pylon  
  131  9:25  Pylon, Probe  
  131  9:27  Pylon  
  131  9:28  Pylon  
  131  9:30  Pylon  
  132  9:31  Pylon  
  132  9:33  Pylon  
  132  9:36  Protoss Ground Weapons Level 1, Pylon  
  132  9:37  Protoss Shields Level 1  
  132  9:42  Probe, Immortal  
  132  9:44  Extended Thermal Lance  
  137  9:46  Immortal  
  141  9:54  Observer, Probe  
  141  9:58  Observer  
  144  10:10  Probe  
  144  10:13  Probe  
  146  10:15  Warp Prism  
  146  10:19  Warp Prism  
  150  10:22  Probe  
  150  10:25  Colossus x2, Probe  
  164  10:34  Probe  
  165  10:37  Probe  
  166  10:50  Colossus  
  166  10:54  Colossus  
  178  10:58  Probe  
  179  11:08  Nexus  
  179  11:11  Probe  
  180  11:18  Colossus  
  110  11:47  Stalker x3  
  110  11:48  Stalker x4  
  124  12:17  Adept x2  
  124  12:18  Adept x4  
  124  12:19  Adept  
  128  12:38  Immortal x4  
  140  12:47  Stalker x4  
  140  12:48  Stalker x3  
  146  13:17  Immortal x4  
  160  14:03  Stalker  
  160  14:05  Stalker x6  
Show
View Real Time Build Order
Export as new Build Order

Faust Zerg - Winner!

Build Orders: Hatch First 

Get SALT Encoding   

  12  0:00  Drone  
  13  0:09  Drone  
  14  0:16  Extractor  
  14  0:17  Drone  
  15  0:23  Overlord  
  15  0:41  Drone  
  15  0:42  Drone  
  17  0:57  Hatchery  
  17  0:59  Drone  
  17  1:10  Drone  
  18  1:16  Spawning Pool  
  17  1:19  Drone  
  17  1:23  Extractor  
  17  1:36  Drone  
  17  1:37  Drone  
  17  1:39  Overlord  
  19  2:04  Zergling x4  
  19  2:07  Queen  
  23  2:15  Zergling x2, Queen  
  24  2:16  Zergling x2  
  24  2:20  Overlord  
  27  2:23  Zergling x2  
  27  2:29  Metabolic Boost  
  28  2:46  Baneling Nest, Drone  
  28  3:04  Drone  
  28  3:05  Drone x5  
  32  3:38  Zergling x12  
  37  3:45  Drone  
  37  3:53  Drone x2  
  39  4:05  Drone x2  
  41  4:10  Hatchery  
  41  4:12  Overlord  
  41  4:13  Drone  
  41  4:14  Drone x3  
  44  4:18  Lair  
  40  4:44  Drone  
  40  4:45  Drone x7  
  47  4:50  Zergling x6  
  48  5:03  Overlord  
  48  5:11  Extractor, Drone x3  
  50  5:15  Extractor, Drone x2  
  50  5:16  Drone  
  50  5:17  Extractor  
  50  5:19  Drone  
  50  5:21  Overlord  
  52  5:22  Drone x2  
  52  5:24  Queen  
  52  5:25  Overlord  
  56  5:32  Hydralisk Den  
  55  5:36  Evolution Chamber  
  55  5:38  Evolution Chamber  
  55  5:39  Drone  
  55  5:41  Zergling x6  
  55  5:42  Zergling x2  
  58  5:46  Overlord  
  58  5:51  Pneumatized Carapace  
  58  5:55  Drone  
  58  5:56  Drone x4  
  63  5:59  Extractor x2, Drone x3  
  64  6:04  Zerg Melee Weapons Level 1  
  64  6:07  Zerg Ground Armor Level 1  
  64  6:15  Baneling x3  
  64  6:26  Zergling x2  
  64  6:27  Zergling x16  
  73  6:49  Drone  
  73  6:50  Drone x2  
  73  6:53  Hydralisk x4  
  84  6:55  Infestation Pit  
  84  6:56  Muscular Augments  
  83  7:11  Drone  
  83  7:12  Drone x4, Overlord x2  
  83  7:13  Overlord x3  
  88  7:19  Hydralisk  
  88  7:21  Overlord  
  90  7:35  Hatchery  
  81  7:51  Drone x2  
  81  7:52  Drone x4  
  82  8:10  Grooved Spines  
  82  8:11  Zerg Melee Weapons Level 2, Zerg Ground Armor Level 2  
  80  8:14  Hive  
  80  8:17  Drone x3  
  80  8:19  Drone x3  
  86  8:20  Queen, Drone  
  88  8:50  Queen  
  88  8:51  Drone  
  88  8:52  Drone x9  
  88  8:53  Overlord x5  
  100  9:05  Overlord x2  
  100  9:19  Overseer  
  100  9:20  Hydralisk x5  
  110  9:33  Ultralisk Cavern  
  110  9:37  Drone x2  
  111  9:44  Extractor, Drone x3  
  111  9:45  Drone x3  
  116  9:46  Extractor  
  115  10:03  Drone x4  
  115  10:04  Drone x2  
  121  10:07  Overlord  
  121  10:21  Ultralisk x5  
  127  10:22  Ultralisk x3  
  169  10:43  Chitinous Plating  
  169  10:45  Zerg Ground Armor Level 3, Zerg Melee Weapons Level 3  
  169  10:48  Adrenal Glands  
  162  10:58  Drone x5  
  162  10:59  Drone x4  
  166  11:12  Ultralisk x3  
  157  11:33  Zergling x2  
  157  11:34  Zergling x36  
  119  12:02  Anabolic Synthesis  
  103  12:12  Zergling x2  
  103  12:13  Zergling x22  
  86  12:31  Spire  
  86  12:32  Spire  
  76  12:42  Hydralisk x3  
  55  13:09  Ultralisk x5  
  55  13:10  Ultralisk  
  91  13:40  Zergling x2, Hatchery  
  94  13:41  Zergling x20  
  101  13:51  Hatchery  
Show
View Real Time Build Order
Export as new Build Order

ManicStorm Terran 

Build Orders:  

Get SALT Encoding   

  12  0:01  SCV  
  13  0:16  Supply Depot  
  13  0:18  SCV  
  14  0:30  SCV  
  15  0:36  Refinery  
  15  0:42  Barracks  
  15  0:46  SCV  
  16  0:53  Refinery  
  16  1:00  SCV  
  17  1:17  SCV  
  18  1:30  Supply Depot  
  18  1:31  Orbital Command  
  18  1:38  Reaper  
  19  1:48  Factory  
  19  1:58  SCV  
  20  2:10  Marine  
  20  2:14  SCV  
  22  2:21  Barracks  
  22  2:25  Supply Depot  
  21  3:09  Factory Tech Lab  
  21  3:14  Starport  
  21  3:16  Barracks Reactor  
  21  3:18  Barracks Tech Lab  
  21  3:23  Engineering Bay  
  21  3:41  Marine  
  21  3:43  Siege Tank, Command Center  
  25  3:50  SCV  
  26  3:59  Marine x2  
  26  4:00  Marine  
  29  4:05  Medivac  
  31  4:15  Stimpack  
  31  4:18  Terran Infantry Weapons Level 1  
  23  4:33  Marine x2  
  23  4:34  Marine  
  23  4:36  Siege Tank  
  26  4:52  Marine  
  25  4:54  SCV  
  26  5:06  Marine  
  26  5:07  SCV  
  28  5:19  SCV  
  29  5:31  SCV x2  
  31  5:43  SCV  
  31  5:47  Siege Tank  
  31  5:48  Marine x2  
  37  5:55  SCV  
  38  6:06  Marine x2  
  38  6:07  SCV  
  41  6:19  SCV  
  39  6:46  Marine x2  
  35  6:47  Marine  
  35  6:49  Combat Shield  
  35  6:52  Terran Infantry Armor Level 1  
  36  6:55  Armory  
  36  6:57  Siege Tank  
  39  7:03  Marine  
  39  7:04  Marine  
  39  7:05  Marine, Medivac  
  44  7:20  Orbital Command  
  44  7:21  Marine x2  
  46  7:39  Marine  
  46  7:41  Medivac  
  46  7:43  Marine  
  50  7:45  Marine  
  51  7:52  Refinery  
  51  7:57  Marine  
  52  8:01  Marine  
  52  8:03  Marine  
  54  8:24  Marine x2, Siege Tank  
  59  8:29  Supply Depot  
  59  8:34  Marine  
  59  8:37  Medivac  
  62  8:45  Terran Infantry Weapons Level 2  
  62  8:50  Marine x2  
  62  8:51  Supply Depot  
  62  8:54  Missile Turret  
  64  8:56  Siege Tank  
  67  9:12  Marine x3  
  67  9:15  Supply Depot  
  67  9:16  Starport Reactor  
  70  9:23  Terran Vehicle Weapons Level 1  
  70  9:27  SCV  
  71  9:37  Supply Depot  
  71  9:52  Marine x2  
  71  9:53  Marine, Command Center  
  71  9:55  Siege Tank  
  71  9:57  Medivac  
  79  10:05  Refinery  
  79  10:06  SCV  
  80  10:10  Marine  
  80  10:14  Marine  
  82  10:16  Marine  
  82  10:18  SCV  
  82  10:19  Medivac  
  86  10:27  Siege Tank  
  86  10:28  Marine  
  89  10:30  SCV  
  89  10:31  Marine  
  89  10:34  Marine  
  93  10:43  SCV  
  94  10:52  Supply Depot  
  94  11:01  Terran Infantry Armor Level 2, Supply Depot  
  94  11:04  Marine x3  
  94  11:05  Supply Depot, Medivac, Siege Tank, SCV  
  103  11:16  Supply Depot  
  103  11:22  Marine x3  
  81  11:38  Supply Depot  
  68  11:40  Marine  
  46  12:39  Marine  
  38  12:57  Marine  
  27  13:24  SCV  
  27  13:36  SCV  
  27  13:38  Barracks  
  27  13:41  Barracks Tech Lab  
  28  13:43  Barracks Reactor  
  28  13:48  SCV  
  28  13:53  Factory  
  28  13:54  SCV  
  30  14:01  SCV  
  31  14:06  SCV  
Show
View Real Time Build Order
Export as new Build Order

NovaKat Protoss 

Build Orders: Archon Immortal 

Get SALT Encoding   

  12  0:01  Probe  
  13  0:13  Probe  
  14  0:20  Pylon  
  14  0:25  Probe  
  15  0:38  Probe  
  15  0:39  Gateway  
  16  0:50  Probe  
  16  0:53  Assimilator  
  17  0:57  Assimilator  
  17  1:03  Probe  
  18  1:07  Pylon  
  18  1:15  Probe  
  19  1:23  Probe  
  19  1:26  Cybernetics Core  
  19  1:32  Probe  
  21  1:42  Probe  
  22  2:03  Nexus  
  22  2:06  Probe  
  23  2:10  Warp Gate  
  23  2:19  Pylon  
  23  2:22  Probe  
  24  2:31  Twilight Council  
  24  2:35  Probe  
  25  2:43  Stalker  
  27  2:52  Gateway  
  27  2:59  Probe  
  27  3:03  Stalker  
  26  3:25  Pylon  
  25  3:40  Resonating Glaives  
  23  3:53  Probe  
  23  3:55  Probe  
  25  3:58  Adept x2  
  29  4:03  Probe  
  29  4:05  Probe  
  31  4:11  Probe  
  31  4:16  Pylon  
  32  4:17  Probe  
  32  4:22  Probe  
  34  4:27  Adept x2  
  38  4:42  Probe x2  
  38  4:50  Probe x2  
  40  4:58  Assimilator  
  42  5:00  Probe x2  
  42  5:01  Adept x2  
  42  5:05  Robotics Facility  
  48  5:09  Gateway  
  48  5:15  Probe  
  48  5:16  Probe  
  48  5:20  Blink  
  50  5:23  Forge  
  50  5:28  Probe  
  51  5:31  Probe  
  51  5:34  Protoss Ground Armor Level 1  
  52  5:43  Immortal  
  52  5:44  Probe x2  
  54  5:52  Shield Battery  
  54  5:53  Pylon, Shield Battery  
  58  6:03  Probe x2  
  60  6:07  Assimilator  
  60  6:14  Warp Prism  
  60  6:20  Probe x2  
  64  6:31  Gateway  
  64  6:32  Probe x2  
  66  6:57  Probe  
  66  6:58  Probe  
  68  7:03  Templar Archives  
  68  7:07  Pylon  
  68  7:09  Pylon  
  68  7:12  Adept  
  70  7:23  Pylon  
  70  7:27  Protoss Ground Armor Level 2  
  70  7:28  Probe x2  
  72  7:30  Immortal  
  76  7:58  Warp Prism  
  76  8:01  Probe x2  
  76  8:02  Zealot x4  
  76  8:03  Psionic Storm  
  78  8:13  Probe x2  
  80  8:24  Gateway  
  80  8:25  Gateway  
  80  8:27  Gateway  
  80  8:29  Nexus  
  80  8:30  High Templar x4  
  80  8:32  Pylon  
  88  8:36  Pylon, Archon x2  
  85  8:47  Immortal  
  89  9:06  Stalker  
  89  9:07  Stalker  
  93  9:10  Nexus  
  93  9:13  Pylon x2  
  93  9:16  Pylon x2, Charge  
  93  9:18  Pylon  
  93  9:22  Protoss Ground Weapons Level 1  
  93  9:23  Protoss Ground Armor Level 3  
  93  9:34  Forge  
  93  9:39  Pylon  
  93  9:40  Immortal  
  93  9:41  Pylon, High Templar x3  
  93  9:42  High Templar x2, Zealot x2  
  111  9:51  Assimilator  
  111  9:53  Probe  
  111  9:54  Probe  
  111  9:57  Assimilator  
  113  10:05  Stalker, Zealot  
  117  10:09  Immortal  
  121  10:24  Adept x2  
  121  10:25  Adept x2  
  130  10:28  Probe x2  
  131  10:47  Observer  
  132  11:01  Observer, Zealot x3  
  132  11:02  Stalker x3  
  137  11:13  Stalker  
  139  11:22  Sentry x3  
  133  11:34  Archon  
  121  11:44  High Templar, Zealot x3  
  121  12:01  Immortal  
  121  12:07  Protoss Shields Level 1  
  109  12:09  Zealot x3  
  109  12:10  High Templar x2, Zealot  
  121  12:20  Zealot  
  123  12:30  Zealot x3  
  123  12:31  High Templar  
  131  12:42  Probe x2  
  121  12:51  Nexus  
  113  13:02  Immortal  
  107  13:06  Zealot x4  
  107  13:07  Zealot x3  
  117  13:21  Robotics Facility, Probe x2  
  117  13:24  Pylon  
  115  13:29  Pylon  
  111  13:43  Zealot  
  111  13:44  Zealot x4  
  111  13:45  Stalker x2  
  109  14:10  Stalker x3  
  109  14:11  Stalker x3  
Tags
 
Add a new tag
Caveats
  • Supply blocks, unpowered buildings, or Contaminate may cause inaccurate times.
  • Supply counts are checked every 10 seconds.